 Dungeon Crawl Stone Soup version 0.31-a0-1499-ge0622b2318 (webtiles) character file.

Game seed: 12317084361621268623

10397 Lobster4 the Geomancer (level 11, 0/109 HPs)
             Began as a Troll Earth Elementalist on Dec 29, 2023.
             Was a Priest of Uskayaw.
             Slain by a tengu warrior
             ... wielding a +0 battleaxe
              (4 damage)
             ... on level 9 of the Dungeon.
             The game lasted 00:35:56 (10195 turns).

Lobster4 the Geomancer (Troll Earth Elementalist)  Turns: 10195, Time: 00:35:56

Health: 0/109      AC: 10    Str: 23    XL:     11   Next: 35%
Magic:  3/17       EV: 15    Int: 15    God:    Uskayaw [***...]
Gold:   647        SH:  0    Dex: 10    Spells: 13/20 levels left

rFire   + .          .
                       - Unarmed
rCold   x . .        (no shield)
rNeg    . . .        z - +0 robe of Nomasaen {rF+ rC- Str+5 SInv}
rPois   .            (helmet restricted)
rElec   .            e - +1 cloak
rCorr   .            (gloves unavailable)
SInv    +            (boots unavailable)
Will    .....        (no amulet)
Stlth   +            i - +5 ring of evasion
HPRegen 1.18/turn    M - +4 ring of protection
MPRegen 0.15/turn

%: no passive effects
@: studying Spellcasting
A: large, unfitting armour, claws 3, regeneration 1, shaggy fur 1, tough skin 1
a: Renounce Religion, Stomp, Line Pass


You were on level 9 of the Dungeon.
You worshipped Uskayaw.
Uskayaw was noncommittal.
You visited 2 branches of the dungeon, and saw 11 of its levels.
You also visited: Ossuary and Bailey.

You collected 809 gold pieces.
You spent 162 gold pieces at shops.

Inventory:

Hand Weapons
 j - a +3 spectral bardiche
 l - a +1 dagger of venom
 w - a +1 demon whip of venom
 H - a +3 long sword of holy wrath
Missiles
 d - 8 boomerangs (quivered)
 g - 65 stones
 k - 5 large rocks
 r - 3 poisoned darts
Armour
 e - a +1 cloak (worn)
 t - a +2 robe of willpower
 z - the +0 robe of Nomasaen (worn) {rF+ rC- Str+5 SInv}
   (You found it in a bailey)

   Str+5:     It affects your strength (+5).
   rF+:       It protects you from fire.
   rC-:       It makes you vulnerable to cold.
   SInv:      It lets you see invisible.
 G - a +0 troll leather armour
Jewellery
 f - a ring of flight
 i - a +5 ring of evasion (left claw)
 D - a ring of wizardry
 L - a ring of protection from fire
 M - a +4 ring of protection (right claw)
 N - a ring of willpower
 O - a +6 ring of strength
Wands
 y - a wand of flame (8)
Scrolls
 h - 4 scrolls of blinking
 n - 4 scrolls of immolation
 o - 6 scrolls of teleportation
 q - 3 scrolls of silence
 s - 5 scrolls of fog
 A - a scroll of fear {unknown}
 B - a scroll of noise
 E - a scroll of enchant armour
 I - a scroll of butterflies {unknown}
 J - a scroll of amnesia {unknown}
 K - a scroll of revelation
Potions
 a - 3 potions of heal wounds
 b - 2 potions of magic
 c - 2 potions of attraction {unknown}
 m - a potion of brilliance
 p - 5 potions of mutation
 v - 2 potions of cancellation {unknown}
 x - 6 potions of curing
 C - a potion of enlightenment
 F - 3 potions of invisibility {unknown}
 P - a potion of haste {unknown}


   Skills:
 + Level 7.0 Fighting
 + Level 1.0 Polearms
 - Level 3.0 Throwing
 + Level 2.3 Armour
 + Level 2.3 Dodging
 - Level 1.0 Stealth
 + Level 8.3 Unarmed Combat
 - Level 5.0 Spellcasting
 + Level 2.3 Conjurations
 + Level 8.3 Earth Magic
 - Level 1.0 Alchemy
 - Level 3.0 Invocations
 - Level 3.0 Evocations


You had 13 spell levels left.
You knew the following spells:

 Your Spells              Type           Power      Damage    Failure   Level
a - Sandblast             Erth           56%        2d13      1%          1
b - Stone Arrow           Conj/Erth      38%        3d9       5%          3
p - Passwall              Erth           28%        N/A       1%          3

Your spell library contained the following spells:

 Spells                   Type           Power      Damage    Failure   Level
 Magic Dart               Conj           40%        1d5       6%          1
 Searing Ray              Conj           20%        2d5       10%         2
 Shock                    Conj/Air       28%        1d4       11%         1
 Brom's Barrelling Bould  Conj/Erth      19%        2d4       19%         4
 Ensorcelled Hibernation  Hex/Ice        6%         N/A       24%         2
 Petrify                  Alch/Erth      17%        N/A       24%         4
 Fugue of the Fallen      Necr           3%         N/A       43%         3
 Gell's Gravitas          Tloc           3%         N/A       43%         3
 Swiftness                Air            3%         N/A       43%         3
 Teleport Other           Tloc           3%         N/A       43%         3
 Volatile Blastmotes      Fire/Tloc      6%         2d10      43%         3
 Fulminant Prism          Conj/Alch      4%         3d5       63%         4
 Iskenderun's Mystic Bla  Conj/Tloc      7%         2d4       71%         4
 Airstrike                Air            1%         2d(1-17)  85%         4
 Anguish                  Hex/Necr       1%         N/A       85%         4
 Dispersal                Tloc           1%         N/A       100%        6


Dungeon Overview and Level Annotations

Branches:
Dungeon (10/15)            Temple (1/1) D:7         Ossuary (visited)
 Bailey (visited)
   Lair: D:8-11         Orc: D:9-12

Altars:
Ashenzari
Cheibriados
Dithmenos
Elyvilon
Fedhas
Gozag
Hepliaklqana
Kikubaaqudgha
Makhleb
Nemelex Xobeh
Okawaru
Qazlal
Ru
Sif Muna
Trog
Uskayaw
Vehumet
Wu Jian
Xom
Yredelemnul
Zin
The Shining One

Shops:
D:2 ?   D:5 (

Annotations:
D:6 2 runed translucent doors


Innate Abilities, Weirdness & Mutations

You are too large for most types of armour.
You have claws for hands.
Your natural rate of healing is unusually fast.
You are covered in fur. (AC +1)
You have tough skin. (AC +1)


Message History

You miss the tengu warrior.
The tengu warrior is almost dead.
The tengu warrior hits you with a +0 battleaxe!
The tengu warrior pecks you.
The tengu warrior claws you but does no damage.
You barely miss the tengu warrior.
The tengu warrior is almost dead.
The tengu warrior barely misses you. The tengu warrior misses you.
The tengu warrior claws you.
You scratch the tengu warrior.
The tengu warrior is almost dead.
The tengu warrior hits you with a +0 battleaxe!
* * * LOW HITPOINT WARNING * * *
The tengu warrior pecks you.
* * * LOW HITPOINT WARNING * * *
The tengu warrior barely misses you.
You miss the tengu warrior.
The tengu warrior is almost dead.
The tengu warrior completely misses you.
The tengu warrior pecks you.
* * * LOW HITPOINT WARNING * * *
The tengu warrior barely misses you.
You scratch the tengu warrior. Your claw misses the tengu warrior.
The tengu warrior is almost dead.
The tengu warrior hits you with a +0 battleaxe!
* * * LOW HITPOINT WARNING * * *
The tengu warrior pecks you.
* * * LOW HITPOINT WARNING * * *
The tengu warrior claws you.
* * * LOW HITPOINT WARNING * * *
You feel better. The tengu warrior slips past you!
The tengu warrior hits you with a +0 battleaxe.
* * * LOW HITPOINT WARNING * * *
The tengu warrior misses you. The tengu warrior claws you.
* * * LOW HITPOINT WARNING * * *
The tengu warrior attacks as it pursues you!
The tengu warrior closely misses you. The tengu warrior pecks you.
* * * LOW HITPOINT WARNING * * *
The tengu warrior claws you.
You die...

....# #.# #.# .#### #.#
####.#### .# #.# #.......#
.###### #.# #.##.##.#### .##...#
#.# #........... .##...### #.#
## #.##.##.####
........####.####. #.##.##.###
..............#..# #.##......#
........####..#.@#####.#####.#.#
.##...### #.<###Q..##.# #.#.#
.......# ##.# #.....># #.#.#
####.#.# #.###...#..# #.#.#
#.#.# #.#..####..#####.#.#
#.#.######.#..#..##..).†..#.#
#†.)[[.....###...##########.#
####.#.######## ##### #.##
.....#.# #...


You could see a tengu warrior.

Vanquished Creatures
  A two-headed ogre (D:9)
  A centaur warrior (D:9)
  Amaemon (D:8)
  An orc knight (Bailey)
  A deep elf zephyrmancer (Bailey)
  A manticore (D:9)
  Maurice (D:8)
  An orange demon (D:8)
  An unseen horror (D:7)
  Psyche (D:8)
  A troll (shapeshifter) (D:9)
  2 trolls
  Grinder (D:4)
  A wyvern (D:9)
  2 wraiths (D:9)
  6 yaks
  2 vampires
  A water moccasin (D:7)
  An ice beast (D:8)
  2 ogres
  10 orc warriors
  A hornet zombie (D:5)
  2 phantoms
  2 bullfrogs (D:8)
  11 killer bees (D:9)
  3 electric eels (D:8)
  A howler monkey (D:6)
  A bombardier beetle (D:4)
  7 bullfrog zombies
  A centaur zombie (D:5)
  A gnoll bouda (D:9)
  A jelly (D:8)
  2 orc priests
  2 hounds
  A centaur skeleton (D:5)
  8 mummies (Ossuary)
  A sleepcap (D:4)
  3 iguanas
  6 orc wizards
  2 killer bee zombies (Ossuary)
  2 crocodile zombies (Ossuary)
  7 hound zombies (Ossuary)
  6 howler monkey zombies
  7 gnolls
  12 adders
  2 ribbon worms
  A shadow imp (D:7)
  A white imp (D:5)
  4 ufetubi (D:5)
  2 dart slugs
  41 orcs
  9 endoplasms
  2 giant cockroaches
  7 goblins
  2 hobgoblins
  6 jackals
  5 kobolds
  6 quokkas
  6 ball pythons
  3 ball python zombies (Ossuary)
  6 bats (D:1)
  7 frilled lizards
  7 rats
246 creatures vanquished.

Notes
Turn   | Place    | Note
-------+----------+-------------------------------------------
     0 | D:1      | Lobster4 the Troll Earth Elementalist began the quest for
                  | the Orb.
     0 | D:1      | Reached XP level 1. HP: 16/16 MP: 1/1
   147 | D:1      | Reached XP level 2. HP: 24/24 MP: 3/3
   503 | D:1      | Reached skill level 1 in Alchemy
   580 | D:1      | Reached XP level 3. HP: 32/32 MP: 2/4
   785 | D:2      | Learned a level 3 spell: Stone Arrow
   856 | D:2      | Found Quonar's Magic Scroll Boutique.
   861 | D:2      | Bought a scroll of teleportation for 36 gold pieces
   861 | D:2      | Bought a scroll of identify for 24 gold pieces
   861 | D:2      | Bought a scroll of noise for 12 gold pieces
   875 | D:2      | Reached skill level 1 in Throwing
  1043 | D:2      | Reached skill level 1 in Armour
  1043 | D:2      | Reached XP level 4. HP: 40/40 MP: 5/5
  1153 | D:2      | Reached skill level 1 in Fighting
  1170 | D:3      | Found a faded altar of an unknown god.
  1243 | D:3      | Reached skill level 1 in Unarmed Combat
  1680 | D:3      | Reached XP level 5. HP: 16/48 MP: 6/6
  2041 | D:3      | Reached skill level 1 in Conjurations
  2123 | D:4      | Noticed Grinder
  2132 | D:4      | Found an iron altar of Okawaru.
  2159 | D:4      | Paralysed by Grinder for 4 turns
  2171 | D:4      | Killed Grinder
  2172 | D:4      | Reached XP level 6. HP: 46/57 MP: 1/8
  2361 | D:4      | Reached XP level 7. HP: 61/66 MP: 9/9
  2398 | D:4      | HP: 2/66 [burnt (5)]
  2405 | D:4      | HP: 3/66 [burnt (2)]
  3024 | D:5      | Entered Level 5 of the Dungeon
  3032 | D:5      | Found a sand-covered staircase.
  3037 | Ossuary  | Entered an ossuary
  3067 | Ossuary  | Reached skill level 1 in Evocations
  3438 | Ossuary  | Reached XP level 8. HP: 75/75 MP: 3/10
  4128 | D:5      | Found Cote's Weapon Emporium.
  4209 | D:5      | Reached skill level 5 in Earth Magic
  4227 | D:5      | Learned a level 3 spell: Passwall
  5016 | D:6      | Found a large runed translucent door.
  5016 | D:6      | Found a large runed translucent door.
  5366 | D:6      | Identified the +7 rapier of Qyrac {chaos, Str+4 Int+4}
  5385 | D:6      | Found a shimmering altar of Xom.
  5590 | D:7      | Found a staircase to the Ecumenical Temple.
  5603 | D:7      | Reached skill level 5 in Unarmed Combat
  5608 | Temple   | Entered the Ecumenical Temple
  5617 | Temple   | Became a worshipper of Uskayaw the Reveller
  5768 | D:7      | Reached * piety under Uskayaw
  5826 | D:7      | Noticed a troll
  5836 | D:7      | Found a bloodstained altar of Trog.
  5840 | D:7      | Reached ** piety under Uskayaw
  5841 | D:7      | Reached XP level 9. HP: 85/85 MP: 4/11
  5910 | D:7      | Found an ancient bone altar of Kikubaaqudgha.
  5937 | D:7      | You are sucked into a shaft and drop 3 floors!
  5937 | D:10     | Entered Level 10 of the Dungeon
  5948 | D:9      | Reached skill level 1 in Invocations
  6005 | D:8      | Noticed Maurice
  6021 | D:8      | Reached *** piety under Uskayaw
  6022 | D:8      | Killed Maurice
  6042 | D:8      | Found a flagged portal.
  6062 | Bailey   | Entered a bailey
  6171 | Bailey   | Reached skill level 5 in Fighting
  6263 | Bailey   | Found a large runed translucent door.
  6263 | Bailey   | Found a large runed translucent door.
  6264 | Bailey   | Noticed a deep elf zephyrmancer
  6266 | Bailey   | Noticed an orc knight
  6348 | Bailey   | Killed an orc knight
  6460 | Bailey   | Killed a deep elf zephyrmancer
  6461 | Bailey   | Reached XP level 10. HP: 71/96 MP: 0/13
  6468 | Bailey   | Identified the +0 robe of Nomasaen {rF+ rC- Str+5 SInv}
  6470 | Bailey   | Identified the +3 scale mail of Ronuh {rF- Will+ rCorr
                  | Int+8}
  6825 | D:8      | Noticed Amaemon
  6830 | D:8      | Noticed an orange demon
  7389 | D:7      | Found an opulent altar of Gozag.
  7664 | D:8      | Killed Amaemon
  7715 | D:8      | Killed an orange demon
  8060 | D:8      | Noticed Psyche
  8072 | D:8      | Killed Psyche
  8697 | D:8      | Found a shimmering altar of Xom.
  8718 | D:8      | Found a radiant altar of Vehumet.
  8870 | D:9      | Reached **** piety under Uskayaw
  9186 | D:9      | Noticed a centaur warrior
  9188 | D:9      | Noticed a centaur warrior
  9197 | D:9      | Killed a centaur warrior
  9197 | D:9      | Noticed a manticore
  9198 | D:9      | Reached XP level 11. HP: 48/107 MP: 7/16
  9199 | D:9      | Noticed a tengu warrior
  9400 | D:2      | Bought a scroll of enchant armour for 90 gold pieces
  9654 | D:9      | Reached ***** piety under Uskayaw
  9967 | D:9      | Noticed a two-headed ogre
  9970 | D:9      | Killed a two-headed ogre
 10067 | D:9      | Reached skill level 1 in Polearms
 10067 | D:9      | Reached skill level 5 in Spellcasting
 10193 | D:9      | HP: 3/109 [tengu warrior/+0 battleaxe (3)]
 10195 | D:9      | Slain by a tengu warrior

Illustrated notes

Levels and vault maps discovered:
D:1:      wander_arrival_lonely_grave, layout_basic, hangedman_decor_opposing
D:2:      layout_rooms, serial_shops, shop
D:3:      layout_basic, nicolae_ecumenical_pavilion,
          wander_ebering_terrifying_dragon_lair
D:4:      layout_loops_ring, okawaru_ov_weapons_minmay,
          amcnicky_mini_corridor_feature, uniq_ijyb, uniq_grinder
D:5:      layout_loops_ring, serial_shops, kennysheep_little_box, serial_undead,
          serial_undead_b, serial_undead_b, serial_undead_b, serial_undead_e,
          enter_ossuary_5, supply_closet_lemuel, nrook_uturn
D:6:      due_chaos_kobolds, layout_basic
D:7:      layout_loops_ring, mainiacjoe_overflow_catwalk,
          trog_three_pillars_becter, mainiacjoe_overflow_alcove_1,
          minmay_temple_entry_enclosed_plants, minivault_5, minmay_manual_moon
D:8:      layout_layer_cave, jmf_multi_god_temple2, enter_bailey_7,
          minivault_14, chequers_serial_rivers_large_b, uniq_amaemon,
          uniq_psyche, uniq_maurice
D:9:      minmay_blocky_corners, layout_loops_ring
D:10:     layout_roguey, minmay_misc_feat_ornament,
          minmay_misc_feat_secret_circle, minmay_st_funbox,
          chequers_hall_statues_corner_a
Temple:   eino_temple_scatter_basement

Skill      XL: |  1  2  3  4  5  6  7  8  9 10 11 |
---------------+----------------------------------+-----
Alchemy        | 1 |  1.0
Throwing       | 1 3 |  3.0
Earth Magic    | 3 4 5 6 8 |  8.3
Armour         | 1 2 |  2.3
Fighting       | 1 2 3 4 5 6 7 |  7.0
Dodging        | 2 |  2.3
Unarmed Combat | 1 2 3 5 6 7 8 |  8.3
Conjurations   | 1 2 |  2.3
Spellcasting   | 2 3 4 5 |  5.0
Evocations     | 1 3 |  3.0
Invocations    | 3 |  3.0
Polearms       | 1 |  1.0
Stealth        | |  1.0

Action                     |  1- 3 |  4- 6 |  7- 9 | 10-12 || total
---------------------------+-------+-------+-------+-------++-------
  Melee: Unarmed           |   117 |   144 |   236 |   186 ||   683
         Punch             |     1 |       |     8 |     4 ||    13
  Throw: Boomerang         |       |       |   109 |    19 ||   128
         Dart              |       |       |    34 |     6 ||    40
         Large rock        |       |       |       |    14 ||    14
   Cast: Sandblast         |     1 |    11 |   144 |    28 ||   184
         Stone Arrow       |       |       |    15 |    19 ||    34
  Evoke: Wand              |       |       |     8 |    25 ||    33
    Use: Scroll            |     3 |     3 |    12 |     5 ||    23
         Potion            |       |       |     4 |     4 ||     8
   Stab: Distracted        |     1 |       |       |       ||     1
         Sleeping          |     4 |     2 |     1 |       ||     7
         Paralysed         |       |       |     9 |    13 ||    22
 Armour: Robe              |    86 |   114 |   204 |   176 ||   580
         Skin              |       |       |       |     2 ||     2
  Dodge: Dodged            |    67 |    59 |   260 |   170 ||   556

Table legend: (Time is in decaauts)
 A = Elapsed time spent in this place.
 B = Non-inter-level travel time spent in this place.
 C = Inter-level travel time spent in this place.
 D = Time resting spent in this place.
 E = Time spent auto-exploring this place.
 F = Levels seen in this place.
 G = Mean time per level.
                   A        B        C        D        E       F      G
               +--------+--------+--------+--------+--------+-----+--------+
         Total |  10303 |   9684 |    619 |   1397 |   5655 |  13 |  792.5 |
       Dungeon |   8638 |   8035 |    603 |    732 |   5424 |  10 |  863.8 |
        Temple |     18 |      2 |     16 |      0 |      0 |   1 |   18.0 |
       Ossuary |   1083 |   1083 |      0 |    625 |     94 |   1 | 1083.0 |
        Bailey |    563 |    563 |      0 |     39 |    137 |   1 |  563.0 |
               +--------+--------+--------+--------+--------+-----+--------+

Top non-repeatable levels by time:
     D:8: 1509 daAuts
     D:7: 1311 daAuts
     D:9: 1189 daAuts
 Ossuary: 1083 daAuts
     D:3: 979 daAuts
     D:4: 953 daAuts
     D:5: 884 daAuts
     D:1: 748 daAuts
     D:6: 619 daAuts
  Bailey: 563 daAuts
     D:2: 439 daAuts
  Temple: 18 daAuts
    D:10: 4 daAuts
